 Dungeon Crawl Stone Soup version 0.31-a0-1370-gf52a5a9ab3 (webtiles) character file.

Game seed: 3751266299462603632

9958 croobank the Sneak (level 11, 0/89 HPs)
             Began as a Demigod Fire Elementalist on Dec 23, 2023.
             Slain by a two-headed ogre
             ... wielding a +0 giant club
              (28 damage)
             ... on level 11 of the Dungeon on Dec 24, 2023.
             The game lasted 00:29:24 (12160 turns).

croobank the Sneak (Demigod Fire Elementalist)     Turns: 12160, Time: 00:29:24

Health: 0/89       AC:  4    Str:  9    XL:     11   Next: 9%
Magic:  15/24      EV: 16    Int: 29    God:
Gold:   434        SH:  0    Dex: 20    Spells: 7/22 levels left

rFire   + + +        D - staff of fire
rCold   . . .        (no shield)
rNeg    . . .        u - +1 robe of Qazlal's Generosity {rPois rF++ Will+}
rPois   +            t - +0 helmet
rElec   .            (no cloak)
rCorr   .            (no gloves)
SInv    .            (no boots)
Will    ++...        r - amulet "Uwnygudy" {RegenMP Dex+6}
Stlth   ++++         (no ring)
HPRegen 0.34/turn    (no ring)
MPRegen 0.59/turn

%: no passive effects
@: no status effects
A: high MP 1, forlorn, divine attributes
a: no special abilities


You were on level 11 of the Dungeon.
You visited 1 branch of the dungeon, and saw 11 of its levels.

You collected 548 gold pieces.
You spent 114 gold pieces at shops.

Inventory:

Hand Weapons
 a - a +2 dagger of venom
 b - a +0 sling
 e - a +0 broad axe
 f - a +1 whip of venom
 j - a +0 long sword
 l - a +4 short sword
 n - a +0 orcbow
 q - a +0 dagger of venom
 x - a +1 hand axe of electrocution
 y - a +0 trident
 G - a +4 flail of freezing
 H - a +3 morningstar of freezing
 I - a +4 mace
 Q - a +4 scimitar
Missiles
 o - 35 poisoned darts
 s - 13 curare-tipped darts
 A - 2 throwing nets
 F - 7 boomerangs
Armour
 g - a +0 ring mail
 t - a +0 helmet (worn)
 u - the +1 robe of Qazlal's Generosity (worn) {rPois rF++ Will+}
   (You bought it in a shop on level 1 of the Dungeon)

   rF++:      It greatly protects you from fire.
   rPois:     It protects you from poison Will+: It increases your willpower.
 z - the +0 ring mail of Foanaoc {Harm rPois rF-}
   (You took it off an orc on level 6 of the Dungeon)

   rF-:       It makes you vulnerable to fire.
   rPois:     It protects you from poison Harm: It increases damage dealt and
   taken.
Magical Staves
 p - a staff of air
 D - a staff of fire (weapon)
Jewellery
 r - the amulet "Uwnygudy" (around neck) {RegenMP Dex+6}
   (You took it off an orc on level 3 of the Dungeon)

   [amulet of magic regeneration]

   RegenMP:   It increases your rate of magic regeneration.
   Dex+6:     It affects your dexterity (+6).
 C - a ring of fire
Wands
 d - a wand of quicksilver (18)
 k - a wand of paralysis (8)
 v - a wand of flame (22)
 N - a wand of roots (11)
Scrolls
 c - 3 scrolls of noise
 M - 2 scrolls of teleportation
 O - 2 scrolls of immolation
Potions
 h - 3 potions of degeneration
 i - 2 potions of attraction
 m - a potion of mutation
 w - a potion of curing
 B - 3 potions of might
 E - 2 potions of invisibility
 J - a potion of brilliance
 L - a potion of resistance
 P - 2 potions of enlightenment


   Skills:
 + Level 6.2 Fighting
 + Level 6.7 Dodging
 + Level 7.2 Stealth
 + Level 6.0 Spellcasting
 + Level 6.2 Conjurations
 - Level 5.0 Hexes
 + Level 6.9 Fire Magic


You had 7 spell levels left.
You knew the following spells:

 Your Spells              Type           Power      Damage    Failure   Level
a - Foxfire               Conj/Fire      100%       2x1d9     1%          1
b - Scorch                Fire           100%       2d9       1%          2
c - Inner Flame           Hex/Fire       60%        N/A       1%          3
d - Flame Wave            Conj/Fire      63%        2d15      3%          4
e - Fireball              Conj/Fire      31%        3d13      11%         5

Your spell library contained the following spells:

 Spells                   Type           Power      Damage    Failure   Level
 Volatile Blastmotes      Fire/Tloc      86%        2d17      4%          3
 Cause Fear               Hex            18%        N/A       7%          4
 Call Imp                 Summ           16%        N/A       9%          2
 Sublimation of Blood     Necr           8%         N/A       9%          2
 Ozocubu's Armour         Ice            8%         N/A       17%         3
 Metabolic Englaciation   Hex/Ice        11%        N/A       50%         5
 Simulacrum               Ice/Necr       4%         N/A       100%        6
 Summon Hydra             Summ           4%         N/A       100%        7
 Dragon's Call            Summ           4%         N/A       100%        9


Dungeon Overview and Level Annotations

Branches:
Dungeon (11/15)            Temple (0/1) D:7
   Lair: D:8-11         Orc: D:9-12

Shops:
D:1 [:


Innate Abilities, Weirdness & Mutations

You have an increased reservoir of magic. (+10% MP)
You shall have no god before yourself.
Your divine heritage dramatically boosts your attributes as you level up.


Message History

The fiery explosion engulfs the yak!
Flame seeps out of the yak.
The yak is almost dead.
The fiery explosion engulfs the yak!
You kill the yak!
The yak is engulfed in blazing flames.
The yak explodes!
You feel a bit more experienced.
You hear an explosion!
Your Spellcasting skill increases to level 6!
Okay, then.
You start resting.
A two-headed ogre comes into view.
It is wielding a +0 giant club and a +0 giant spiked club.
Casting: Scorch (safe; 1% risk of failure)
Confirm with . or Enter, or press ? or * to list all spells.
You can't see any susceptible monsters within range! (Use Z to cast anyway.)
Casting: Scorch (safe; 1% risk of failure)
Confirm with . or Enter, or press ? or * to list all spells.
You feel a surge of power!
You conjure some foxfire!
Casting: Foxfire (safe; 1% risk of failure)
Confirm with . or Enter, or press ? or * to list all spells.
You feel a surge of power!
Flames lash the two-headed ogre.
The two-headed ogre is moderately wounded.
The two-headed ogre's fire resistance burns away.
The foxfire hits the two-headed ogre!
The two-headed ogre is burned terribly!
The two-headed ogre is heavily wounded.
The foxfire hits the two-headed ogre but does no damage.
The two-headed ogre is heavily wounded.
Casting: Scorch (safe; 1% risk of failure)
Confirm with . or Enter, or press ? or * to list all spells.
You feel a surge of power!
Flames lash the two-headed ogre.
The two-headed ogre is burned terribly!
The two-headed ogre is heavily wounded.
Casting: Scorch (safe; 1% risk of failure)
Confirm with . or Enter, or press ? or * to list all spells.
You feel a surge of power!
Flames lash the two-headed ogre.
The two-headed ogre is burned terribly!
The two-headed ogre is severely wounded.
The two-headed ogre hits you with a +0 giant club!!
The two-headed ogre hits you with a +0 giant spiked club!!
You die...

..Y...Y.........
#..YY#+#....##### #..
#⌠.Y.# #.. ###..# . #..
+..# ... #..### ###..#
. ....##..⌠#
#⌠Y..######..
.........#+#§○.........
#.....O@.☼☼.§☼.........
.#.......##☼#§....#####
..#.....#...###...#
#......#.§.. #...#
#.......#.....#...#
........'.....#...#
........#.....#...#
........#.....#...#
#...######


You could see a two-headed ogre (combustible).

Vanquished Creatures
  Gastronok (D:10)
  2 two-headed ogres
  Pikel (D:5)
  2 hornets
  A shadow (D:10)
  A wraith (D:10)
  Eustachio (D:6)
  11 yaks (D:11)
  2 steam dragons
  Menkaure (D:5)
  An acid dragon (D:9)
  3 water moccasins
  4 orc warriors
  A sky beast (D:8)
  2 black bears
  2 ogres (D:6)
  6 centaurs
  A lemure (D:5)
  5 kobold brigands
  5 bullfrogs
  Blork the orc (D:5)
  A scorpion (D:5)
  8 wights
  12 killer bees (D:8)
  2 howler monkeys
  5 hounds
  3 orc priests
  2 gnoll boudas
  A sleepcap (D:6)
  2 iguanas (D:5)
  12 orc wizards
  9 gnolls
  9 adders
  2 shadow imps
  A worm (D:3)
  5 dart slugs
  37 orcs
  6 endoplasms
  4 giant cockroaches
  4 goblins
  11 hobgoblins
  2 jackals (D:2)
  3 quokkas (D:2)
  2 ball pythons
  6 bats
  6 frilled lizards
  27 kobolds
  3 rats
239 creatures vanquished.

Vanquished Creatures (others)
  605 foxfires
605 creatures vanquished.

Grand Total: 844 creatures vanquished

Notes
Turn   | Place    | Note
-------+----------+-------------------------------------------
     0 | D:1      | croobank the Demigod Fire Elementalist began the quest for
                  | the Orb.
     0 | D:1      | Reached XP level 1. HP: 14/14 MP: 5/5
   148 | D:1      | Reached skill level 1 in Conjurations
   176 | D:1      | Found Mydi's Book Shop.
   259 | D:1      | You fall into a shaft and drop 1 floor!
   482 | D:2      | Reached skill level 2 in Stealth
   511 | D:2      | Reached XP level 2. HP: 20/20 MP: 2/7
   514 | D:2      | Learned a level 2 spell: Scorch
  1136 | D:1      | Reached XP level 3. HP: 25/26 MP: 2/8
  1140 | D:1      | Learned a level 3 spell: Inner Flame
  1330 | D:1      | Found Voxog's Antique Armour Shoppe.
  2316 | D:2      | Reached XP level 4. HP: 34/34 MP: 7/10
  2739 | D:3      | Identified the amulet "Uwnygudy" {RegenMP Dex+6}
  2776 | D:3      | Reached skill level 1 in Fighting
  3288 | D:4      | Reached skill level 1 in Hexes
  3294 | D:4      | Reached XP level 5. HP: 30/40 MP: 1/11
  3637 | D:5      | Entered Level 5 of the Dungeon
  3722 | D:5      | Noticed a water moccasin
  4084 | D:5      | Noticed a two-headed ogre
  4098 | D:5      | Noticed Blork the orc
  4105 | D:5      | Killed Blork the orc
  4106 | D:5      | Reached XP level 6. HP: 47/48 MP: 0/12
  4118 | D:5      | Reached skill level 3 in Stealth
  4161 | D:5      | Killed a water moccasin
  4212 | D:5      | Noticed Menkaure
  4218 | D:5      | Killed Menkaure
  4296 | D:5      | Noticed Pikel
  4317 | D:5      | Killed Pikel
  4318 | D:5      | Reached XP level 7. HP: 45/56 MP: 1/15
  4460 | D:5      | Reached skill level 4 in Stealth
  5210 | D:1      | Bought a dazzling robe for 114 gold pieces
  5210 | D:1      | Identified the +1 robe of Qazlal's Generosity {rPois rF++
                  | Will+} (You bought it in a shop on level 1 of the Dungeon)
  5404 | D:5      | Reached XP level 8. HP: 63/63 MP: 13/16
  5767 | D:5      | Killed a two-headed ogre
  6176 | D:6      | Reached skill level 5 in Fire Magic
  6472 | D:6      | Reached skill level 5 in Stealth
  6472 | D:6      | Reached XP level 9. HP: 71/71 MP: 14/18
  6714 | D:6      | Identified the +0 ring mail of Foanaoc {Harm rPois rF-}
  6762 | D:6      | Noticed Eustachio
  6773 | D:6      | Killed Eustachio
  7205 | D:6      | Learned a level 4 spell: Flame Wave
  7583 | D:7      | Reached skill level 5 in Dodging
  7683 | D:7      | Found a staircase to the Ecumenical Temple.
  9052 | D:8      | Reached skill level 5 in Conjurations
  9175 | D:8      | Reached skill level 5 in Fighting
  9426 | D:8      | Reached skill level 5 in Spellcasting
  9426 | D:8      | Reached XP level 10. HP: 70/81 MP: 17/21
  9512 | D:8      | Reached skill level 6 in Stealth
  9918 | D:9      | Learned a level 5 spell: Fireball
 10629 | D:9      | Reached skill level 5 in Hexes
 10973 | D:10     | Entered Level 10 of the Dungeon
 10987 | D:10     | Noticed Gastronok
 11262 | D:10     | Killed Gastronok
 12027 | D:11     | Noticed a two-headed ogre
 12034 | D:11     | Killed a two-headed ogre
 12035 | D:11     | Reached skill level 7 in Stealth
 12153 | D:11     | Reached XP level 11. HP: 49/89 MP: 17/23
 12156 | D:11     | Noticed a two-headed ogre
 12160 | D:11     | Slain by a two-headed ogre

Illustrated notes

Levels and vault maps discovered:
D:1:      evilmike_arrival_rings, layout_basic, serial_shops,
          nicolae_book_shop_shelving, nicolae_shop_back_alley_shop
D:2:      layout_loops_ring, roderic_lattice_a
D:3:      layout_basic, chequers_ecumenical_altar_simple
D:4:      layout_rooms, kennysheep_mini, serial_glass, glass_columns_c,
          glass_columns_b
D:5:      layout_loops_cross, pdpol_wu_jian_five_deadly_venoms, uniq_menkaure,
          uniq_blork_the_orc, uniq_pikel
D:6:      layout_cave_pods, chequers_temple_overflow_minitemple, uniq_eustachio
D:7:      layout_loops_ring, brannock_xom_greatest_gift,
          minmay_temple_entry_slanted, minmay_misc_feat_columns
D:8:      layout_cave_pods
D:9:      layout_stronghold
D:10:     layout_loops_ring, lemuel_crystal_altar, uniq_gastronok
D:11:     layout_irregular_city, lair_entry_dummy, serial_shops,
          nicolae_diamond_shop, nicolae_shop_real_fake_doors

Skill      XL: |  1  2  3  4  5  6  7  8  9 10 11 |
---------------+----------------------------------+-----
Conjurations   | 1 2 3 4 5 6 |  6.2
Stealth        | 2 3 4 5 7 |  7.2
Dodging        | 2 3 4 5 6 |  6.7
Spellcasting   | 2 3 4 5 6 |  6.0
Fire Magic     | 3 4 5 6 |  6.9
Fighting       | 1 2 3 4 5 6 |  6.2
Hexes          | 1 2 3 4 5 |  5.0

Action                     |  1- 3 |  4- 6 |  7- 9 | 10-12 || total
---------------------------+-------+-------+-------+-------++-------
  Melee: Short sword       |    12 |       |       |       ||    12
         Dagger            |       |    34 |    13 |       ||    47
         Staff             |       |       |     3 |    12 ||    15
  Throw: Dart              |       |     4 |       |       ||     4
   Cast: Foxfire           |    39 |    52 |   208 |    70 ||   369
         Scorch            |    28 |    30 |    74 |    64 ||   196
         Inner Flame       |       |     1 |     1 |     6 ||     8
         Flame Wave        |       |       |     2 |     5 ||     7
         Fireball          |       |       |       |     4 ||     4
  Evoke: Wand              |       |       |       |     2 ||     2
    Use: Potion            |       |    10 |       |     3 ||    13
         Scroll            |       |     4 |     2 |     8 ||    14
   Stab: Invisible         |       |     1 |       |       ||     1
         Sleeping          |       |       |       |     1 ||     1
 Armour: Robe              |     9 |    41 |    57 |    40 ||   147
  Dodge: Dodged            |    19 |    71 |    70 |    52 ||   212

Table legend: (Time is in decaauts)
 A = Elapsed time spent in this place.
 B = Non-inter-level travel time spent in this place.
 C = Inter-level travel time spent in this place.
 D = Time resting spent in this place.
 E = Time spent auto-exploring this place.
 F = Levels seen in this place.
 G = Mean time per level.
                   A        B        C        D        E       F      G
               +--------+--------+--------+--------+--------+-----+--------+
         Total |  12176 |  11649 |    527 |   2811 |   7049 |  11 | 1106.9 |
       Dungeon |  12176 |  11649 |    527 |   2811 |   7049 |  11 | 1106.9 |
               +--------+--------+--------+--------+--------+-----+--------+

Top non-repeatable levels by time:
     D:5: 1762 daAuts
     D:6: 1441 daAuts
     D:8: 1406 daAuts
     D:2: 1351 daAuts
     D:1: 1283 daAuts
     D:9: 1069 daAuts
     D:7: 993 daAuts
    D:10: 984 daAuts
     D:4: 889 daAuts
     D:3: 781 daAuts
    D:11: 213 daAuts
